AoeStats
← dorine6

Golden Pit

509406906Analyzed
1v1 RM · 6d ago on Sep 26, 2026· 43m 32s· 2 players
Game mode
Random Map
Map size
Tiny (2 player)
Population
200
Speed
Normal
Resources
Standard
Victory
Conquest
Starting age
Dark Age
Ending age
Imperial Age
RankedLock teamsTeams togetherTeam positionsShared explorationLock speedFull tech treeHidden civsTurbo modeCheats
Victory
Defeat
🇫🇷 Shu · France
705
+29
🇨🇳 Berbers · China
678
-15
oppo1296
6:03 Loom
12:50 Feudal Age
13:27 Double-Bit Axe
13:24 Horse Collar
15:34 Stone Mining
16:17 Fletching
18:37 Town Watch
23:58 Scale Barding Armor
25:13 Forging
30:07 Castle Age
33:53 Bodkin Arrow
42:55 Murder Holes
dorine6
5:51 Loom
10:31 Feudal Age
10:35 Feudal Age
11:36 Double-Bit Axe
14:03 Gold Mining
16:34 Fletching
16:46 Padded Archer Armor
27:20 Castle Age
27:13 Scale Mail Armor
28:00 Bodkin Arrow
28:20 Leather Archer Armor
30:24 Town Watch
31:38 Chain Mail Armor
32:03 Horse Collar
35:36 Crossbowman
36:39 Ballistics
39:03 Murder Holes
41:42 Herbal Medicine
44:11 Scale Barding Armor
44:16 Forging
Connection lost

Rejoining the realm…

Still unreachable

The connection could not be restored.

Session expired

The server has moved on; the page needs a fresh start.